[Event "*** SCC Grand Prix: Titled Tuesday Blitz"]
[Site "Chess.com"]
[Date "2020.08.04"]
[Round "6"]
[White "IMHansNiemann"]
[Black "Micki-taryan"]
[Result "1-0"]
[WhiteElo "2913"]
[BlackElo "3054"]
[TimeControl "180+1"]
[EndTime "14:51:30 PDT"]
[Termination "IMHansNiemann won by checkmate"]

1. d4 Nf6 2. Nc3 d5 3. Bf4 g6 4. e3 Bg7 5. h4 h6 6. Nf3 Bg4 7. Be2 Bxf3 8. Bxf3 c6 9. g4 Nbd7 10. Qd3 e6 11. h5 g5 12. Bd6 Nb6 13. Bg3 Nfd7 14. e4 O-O 15. O-O-O Nc4 16. b3 Na3 17. Bd6 Qa5 18. Bxf8 Rxf8 19. Ne2 Nb5 20. a4 Nc7 21.
exd5 cxd5 22. Qc3 Qb6 23. Kb1 Qd6 24. Qd3 Rb8 25. Nc3 a6 26. Kb2 e5 27. Qf5 Ne6 28.
dxe5 Nxe5 29. Bxd5 Qb4 30. Bxe6 fxe6 31. Qxe6+ Kh8 32.
Rh3 b5 33. Ka2 Qf8 34. Re3 Qxf2 35. Re2 Qc5 36. Qd6 Qxd6 37. Rxd6 Nxg4 38. Nd5 bxa4 39. bxa4 Ne5 40. Rb6 Rd8 41. Ne7 Nc4 42. Ng6+ Kh7 43.
Rb7 Rd1 44. c3 Na5 45. Rc7 Rd8 46. Ree7 Rg8 47. Rc5 g4 48. Rxa5 g3 49. Nf4 Rf8 50. Ne6 Rg8 51. Rd5 Kh8 52. Rxg7 g2 53.
Rxg8+ Kxg8 54. Rd1 a5 55. Rg1 Kh7 56. Rxg2 Kh8 57.
c4 Kh7 58. c5 Kh8 59. c6 Kh7 60. c7 Kh8 61. c8=Q+ Kh7 62. Qg8# 1-0

[Event "*** SCC Grand Prix: Titled Tuesday Blitz"]
[Site "Chess.com"]
[Date "2020.08.04"]
[Round "6"]
[White "Baronessa08"]
[Black "DaggiGretarsson"]
[Result "0-1"]
[WhiteElo "2393"]
[BlackElo "2620"]
[TimeControl "180+1"]
[EndTime "14:51:30 PDT"]
[Termination "DaggiGretarsson won on time"]

1. c4 g6 2. Nc3 Bg7 3. g3 e6 4. Bg2 Ne7 5. d4 d5 6. cxd5 exd5 7. Nf3 O-O 8. O-O c6 9. Bf4 Re8 10. Be5 Nd7 11. Bxg7 Kxg7 12. b4 a6 13. a4 Nb6 14.
Ne5 f6 15. Nd3 Nf5 16. e3 Nd6 17. b5 axb5 18. axb5 Rxa1 19. Qxa1 Nxb5 20. Nxb5 cxb5 21.
Qa5 Bd7 22. Nc5 Bc6 23. Rb1 Kf7 24. Bh3 Nc4 25. Qc3 Qd6 26. Ra1 b6 27. Nd3 Ra8 28.
Rxa8 Bxa8 29. Nb4 Qe7 30. Bg2 Ke6 31. h4 Qa7 32. e4 dxe4 33. d5+ Ke7 34. Nc6+ Bxc6 35.
dxc6 Qa3 36. Qd4 Qc1+ 37. Kh2 Ne5 38. Qxe4 Kd6 39. c7 Qxc7 40. Qd5+ Ke7 41. Bh3 Qd6 42.
Qb7+ Nd7 43. h5 b4 44. h6 b3 45. Qe4+ Kf8 46. Bxd7 Qxd7 47. Qb4+ Kf7 48. Qxb3+ Qe6 49. Qb5 g5 50. Kg1 Kg6 0-1

[Event "*** SCC Grand Prix: Titled Tuesday Blitz"]
[Site "Chess.com"]
[Date "2020.08.04"]
[Round "6"]
[White "elohunter1999"]
[Black "ChadBiryani"]
[Result "1-0"]
[WhiteElo "2471"]
[BlackElo "2337"]
[TimeControl "180+1"]
[EndTime "14:51:30 PDT"]
[Termination "elohunter1999 won by resignation"]

1. e4 d5 2. exd5 Qxd5 3. Nc3 Qe6+ 4. Be2 Qg6 5. Nf3 Qxg2 6. Rg1 Qh3 7. d4 c6 8. Bf4 Nf6 9. Qd2 Qd7 10. O-O-O g6 11. Ne5 Qd8 12. Qe3 Bg7 13. Bh6 Bxh6 14.
Qxh6 Be6 15. d5 cxd5 16. Bb5+ Nbd7 17. Nxd5 Bxd5 18. Rxd5 Nxd5 19. Qg7 Rf8 20. Nxd7 Qxd7 21. Bxd7+ Kxd7 22. Rd1 Kc6 23. Qe5 Rad8 24. c4 Nb6 25. Qb5+ Kc7 26. Qc5+ Kb8 27. Rxd8+ Rxd8 28. Qxe7 Rd7 29.
Qe8+ Kc7 30. b3 h5 31. Qe5+ Kc8 32. f4 a6 33. f5 Kd8 34. fxg6 fxg6 35. Qf6+ Kc7 36.
Qxg6 h4 37. Qg4 Rh7 38. Qf4+ Kd8 39. Qf6+ Kc7 40. Qe5+ Kd8 41. Qd6+ Nd7 42. c5 Rh5 43. b4 Rf5 44. Kb2 Rf2+ 45. Kb3 Rf3+ 46. Kc4 Re3 47.
a4 Re4+ 48. Kc3 Re3+ 49. Kd4 Re1 50. Kc3 Re3+ 51. Kd2 Ra3 52. c6 bxc6 53. Qxc6 Ra2+ 54. Kc3 Rxh2 55. Qxa6 Rh3+ 56. Kd4 Rg3 57. Qh6 Rg4+ 58. Kc3 Rg3+ 59. Kc4 Rg4+ 60. Kb5 Kc7 61. a5 Nb8 62. Qb6+ Kc8 63. Qe6+ 1-0

[Event "*** SCC Grand Prix: Titled Tuesday Blitz"]
[Site "Chess.com"]
[Date "2020.08.04"]
[Round "6"]
[White "ChainsOfFantasia"]
[Black "Bulldog167"]
[Result "0-1"]
[WhiteElo "2502"]
[BlackElo "2730"]
[TimeControl "180+1"]
[EndTime "14:51:35 PDT"]
[Termination "Bulldog167 won by resignation"]

1. c4 Nf6 2. Nc3 e6 3. e4 d5 4. e5 Ne4 5. Nf3 Nc6 6. cxd5 exd5 7. d3 Nxc3 8. bxc3 Be7 9. d4 O-O 10. Bd3 Bg4 11. h3 Bh5 12. Qc2 Bg6 13. O-O Qd7 14. Bg5 Nd8 15. Bxe7 Qxe7 16. Bxg6 fxg6 17. Ne1 Ne6 18.
Nd3 g5 19. Rab1 c6 20. Qb3 Rf7 21. Rb2 Raf8 22. Rfb1 b6 23. Qa4 c5 24. Qc6 cxd4 25. cxd4 Nxd4 26. Qxd5 Rd8 27. Qe4 Ne6 28. Nb4 Nc5 29.
Qe3 Qe6 30. Rd2 Rxd2 31. Qxd2 h6 32. Re1 g4 33. hxg4 Qxg4 34. e6 Nxe6 35. Nd5 Nf4 36. Re8+ Kh7 37. Qc2+ Qg6 38. Qxg6+ Kxg6 39. Ne3 Ne2+ 40.
Kf1 Nc3 41. a3 Rf4 42. Re6+ Kh7 43. Rc6 Nb5 44. g3 Ra4 45. Re6 Rxa3 46. Re7 Nd4 47. Nd5 Ra1+ 48. Kg2 Rc1 49. Nf6+ Kg6 50. Ne4 Re1 51.
Rxa7 Rxe4 52. Rb7 Re6 53. f3 Re2+ 54. Kh3 Nxf3 55. Rxb6+ Kh7 56. Rb2 Rxb2 0-1

[Event "*** SCC Grand Prix: Titled Tuesday Blitz"]
[Site "Chess.com"]
[Date "2020.08.04"]
[Round "6"]
[White "kleopl"]
[Black "Mbneu"]
[Result "1/2-1/2"]
[WhiteElo "2447"]
[BlackElo "2252"]
[TimeControl "180+1"]
[EndTime "14:51:40 PDT"]
[Termination "Game drawn by repetition"]

1. c4 Nf6 2. Nc3 e6 3. d4 c5 4. d5 exd5 5. cxd5 d6 6. e4 g6 7. g3 Bg7 8. Bg2 O-O 9. Nge2 a6 10. a4 Re8 11. O-O Nbd7 12. Bf4 Qc7 13. Qd3 Nh5 14. Bd2 Ne5 15. Qc2 f5 16. Rac1 Bd7 17. b3 b5 18.
f4 Nf7 19. Be3 bxa4 20. bxa4 fxe4 21. Nxe4 Qa5 22. N2c3 Bf5 23. Bd2 Qb4 24. Rfe1 Nf6 25. Nxf6+ Bxf6 26. Qa2 Qd4+ 27. Kh1 Qd3 28. Rxe8+ Rxe8 29. Be1 Qe3 30. Qd2 Bxc3 31. Qxc3 Qe2 32. Qd2 Qxd2 33.
Bxd2 Re2 34. Bc3 Be4 35. Bxe4 Rxe4 36. Ra1 Nh6 37. Kg2 Nf5 38. h3 Nd4 39. Bxd4 Rxd4 40. Rb1 Rxd5 41. Rb6 Rd2+ 42. Kf3 Rd4 43. Rxa6 c4 44. g4 c3 45. Ke3 Rd1 46. Rc6 Ra1 47. Rxc3 Rxa4 48. Rc7 Ra3+ 49. Ke4 Rxh3 50. Rd7 Rg3 51.
g5 Rg1 52. Rxd6 Re1+ 53. Kd5 Rd1+ 54. Ke5 Rxd6 55. Kxd6 Kf7 56. Kd7 Kf8 57. Ke6 Ke8 58. Kf6 Kf8 59. Ke6 Ke8 60. Kd6 Kf7 61. Kd7 Kf8 62. Ke6 1/2-1/2

[Event "*** SCC Grand Prix: Titled Tuesday Blitz"]
[Site "Chess.com"]
[Date "2020.08.04"]
[Round "6"]
[White "kuban1991"]
[Black "1stSecond"]
[Result "1-0"]
[WhiteElo "2775"]
[BlackElo "2845"]
[TimeControl "180+1"]
[EndTime "14:51:44 PDT"]
[Termination "kuban1991 won by resignation"]

1. Nf3 d5 2. g3 Nc6 3. d4 Bf5 4. Bg2 Nb4 5. Na3 e6 6. c3 Nc6 7. Qb3 Bxa3 8. Qxa3 Be4 9. O-O Nge7 10.
Re1 O-O 11. Bf1 Bxf3 12. exf3 a6 13. Qb3 b5 14. a4 Na5 15. Qc2 c6 16. Bd3 h6 17. b3 Qd7 18. axb5 axb5 19. Ba3 Rfc8 20. Ra2 Nb7 21. Rea1 Nf5 22. Bb4 Rxa2 23. Rxa2 Nfd6 24. Ra7 Qe8 25. Qa2 e5 26. dxe5 Qxe5 27. Ra8 Qe8 28. Rxc8 Qxc8 29. Qa6 g6 30. h4 h5 31. Qb6 Qd7 32. Qa7 Qc7 33. Bxd6 Qxd6 34. Qxb7 Qc5 35.
Qb8+ Kh7 36. Qe5 b4 37. c4 Kg8 38. cxd5 cxd5 39. Bc4 Qa5 40. Qxd5 Qa1+ 41. Kg2 Qf6 42. Qb7 Kg7 43. Qxb4 g5 44. hxg5 Qxg5 45. Qb7 h4 46. Qxf7+ Kh6 47. Qf4 h3+ 48. Kxh3 Kh7 49. Qh4+ Kg7 50.
Qxg5+ Kf8 51. Qe3 Kg7 52. b4 Kg6 53. b5 Kh5 54. b6 1-0

[Event "*** SCC Grand Prix: Titled Tuesday Blitz"]
[Site "Chess.com"]
[Date "2020.08.04"]
[Round "6"]
[White "KyrgyzFighter"]
[Black "Isajevsky_Anton"]
[Result "0-1"]
[WhiteElo "2321"]
[BlackElo "2589"]
[TimeControl "180+1"]
[EndTime "14:51:45 PDT"]
[Termination "Isajevsky_Anton won by resignation"]

1. c4 c5 2. Nf3 g6 3. d4 cxd4 4. Nxd4 Bg7 5. g3 Nc6 6. Nc2 d6 7. Bg2 Be6 8. Nd2 Rc8 9. Ne3 Qd7 10. Rb1 h5 11. h4 Nh6 12. b3 Nf5 13. Ne4 b6 14.
Ng5 Nxe3 15. Bxe3 Bf5 16. Rc1 O-O 17. O-O Rfd8 18. Qd2 Qe8 19. Rfd1 Ne5 20. Bd4 Bg4 21. Qb2 Qf8 22. f3 Bd7 23. Nh3 Nc6 24. e3 Nxd4 25.
exd4 d5 26. Nf4 dxc4 27. bxc4 e5 28. dxe5 Qc5+ 29. Qf2 Bxe5 30. Nd5 Kf8 31. f4 Bd6 32. Nf6 Qxf2+ 33. Kxf2 Bc5+ 34. Kf1 Bg4 35. Nxg4 hxg4 36.
Rd5 Re8 37. h5 gxh5 38. Rxh5 Rcd8 39. Bd5 Re3 40. Rf5 Rd7 41. Kg2 Re2+ 42. Kh1 Rd6 43. Rxf7+ Ke8 44. Rh7 a5 45. f5 Rf6 46. Rf1 Bd4 47. Be6 Rexe6 48. Rd1 Rd6 49. Rh8+ Kd7 50.
Rh7+ Kc6 51. Kg2 Bc5 52. Rxd6+ Kxd6 53. Rb7 Rxf5 54. Rg7 Rf2+ 55. Kh1 Rxa2 56. Rxg4 Ke5 57. Rg8 a4 58. g4 a3 59. g5 Kf5 60. g6 Kf6 61. g7 Kf7 62. Ra8 Kxg7 0-1

[Event "*** SCC Grand Prix: Titled Tuesday Blitz"]
[Site "Chess.com"]
[Date "2020.08.04"]
[Round "6"]
[White "Iskusnyh"]
[Black "MVM2008"]
[Result "1-0"]
[WhiteElo "2574"]
[BlackElo "2240"]
[TimeControl "180+1"]
[EndTime "14:51:45 PDT"]
[Termination "Iskusnyh won by resignation"]

1. d4 Nf6 2. c4 g6 3. g3 c5 4. dxc5 Bg7 5. Bg2 O-O 6. Nc3 Qa5 7. Qa4 Qxc5 8. Nf3 a6 9. O-O Qc7 10. Bf4 d6 11. Rac1 Nbd7 12. b4 Qxc4 13. Rfd1 Qc7 14. Be3 Qd8 15. b5 Nb6 16. Qb4 axb5 17.
Qxb5 Nbd7 18. a4 Qa5 19. Bd4 Qxb5 20. axb5 Nc5 21. Nd2 Rb8 22. Nc4 b6 23. Nd5 Nxd5 24. Bxd5 e6 25. Bxg7 Kxg7 26. Bc6 d5 27. Ne5 Rd8 28.
Ra1 Bb7 29. Ra7 Bxc6 30. Re7 Be8 31. Ra1 d4 32. Raa7 Nb7 33. Raxb7 Rxb7 34. Rxb7 Bxb5 35. Nxf7 Rd7 36. Rxb6 Rxf7 37. Rxb5 Rd7 38. Rb6 Kf7 39.
Kg2 d3 40. exd3 Rxd3 41. Rb7+ Kg8 42. Re7 Rd6 43. h4 Rc6 44. Kf3 Rd6 45. Kf4 h6 46. Ke5 Rd2 47. Kf6 Rxf2+ 48. Kxg6 Kf8 49. Rxe6 Rg2 50. Re3 Ra2 51. Kxh6 Ra6+ 52. Kh5 Kg7 53. g4 Rh6+ 54. Kg5 Rg6+ 55. Kf4 Rf6+ 56. Kg3 Kg6 57. h5+ Kg5 58. Re5+ Kh6 59. g5+ 1-0

[Event "*** SCC Grand Prix: Titled Tuesday Blitz"]
[Site "Chess.com"]
[Date "2020.08.04"]
[Round "6"]
[White "rasmussvane"]
[Black "Shota_Azaladze"]
[Result "1-0"]
[WhiteElo "2865"]
[BlackElo "2690"]
[TimeControl "180+1"]
[EndTime "14:51:46 PDT"]
[Termination "rasmussvane won by resignation"]

1. Nf3 g6 2. g3 Bg7 3. d4 c5 4. c4 cxd4 5. Nxd4 Nc6 6. Nc2 Nf6 7. Bg2 O-O 8. O-O Qa5 9. Nc3 d6 10. Ne3 Be6 11. Bd2 Rfc8 12. Rc1 Qh5 13. b3 Bh3 14.
Ncd5 Bxg2 15. Nxf6+ Bxf6 16. Kxg2 e6 17. Bc3 Bg5 18. f4 Be7 19. h3 b5 20. Ng4 bxc4 21. Bf6 Qd5+ 22. Qxd5 exd5 23. bxc4 dxc4 24. Rxc4 Bxf6 25.
Nxf6+ Kg7 26. Rfc1 Kxf6 27. Rxc6 Rxc6 28. Rxc6 Ke6 29. Ra6 Kd5 30. Kf3 f5 31. a4 Kc5 32.
Ke3 Re8+ 33. Kd3 Re7 34. g4 d5 35. e3 Rb7 36. gxf5 gxf5 37. Rf6 Rb3+ 38. Ke2 d4 39.
Rxf5+ Kc4 40. Re5 Rb2+ 41. Kf3 d3 42. Re4+ Kc3 43. Rd4 Rh2 44. Kg3 Re2 45. Kf3 Rh2 46. Kg3 Rh1 47. Kg2 Ra1 48. f5 Re1 49. f6 Re2+ 50. Kf3 Re1 51. Kf2 Re2+ 52. Kf3 Re1 53. Ke4 Rf1 54. Rxd3+ Kc2 55. Rd6 Kb3 56. Ke5 a5 57. e4 Kxa4 58. Ke6 Kb5 59. f7 a4 60. Ke7 a3 61. f8=Q Rxf8 62. Kxf8 a2 63. Rd1 Kc4 64. Ra1 Kb3 1-0

[Event "*** SCC Grand Prix: Titled Tuesday Blitz"]
[Site "Chess.com"]
[Date "2020.08.04"]
[Round "6"]
[White "Dr_crypt"]
[Black "Vadim_Biliy"]
[Result "1-0"]
[WhiteElo "2427"]
[BlackElo "2233"]
[TimeControl "180+1"]
[EndTime "14:51:46 PDT"]
[Termination "Dr_crypt won on time"]

1. d4 d5 2. Nf3 e6 3. Bf4 Nf6 4. e3 Bd6 5. Bg3 O-O 6. Bd3 c5 7. c3 Nc6 8. Nbd2 c4 9. Bc2 b5 10. O-O b4 11. e4 Bxg3 12. hxg3 bxc3 13. bxc3 Qa5 14. e5 Nd7 15. Bxh7+ Kxh7 16. Ng5+ Kg6 17. Qg4 f5 18. Qh4 Ndxe5 19. dxe5 Nxe5 20. Rac1 Bd7 21. Rfe1 Rh8 22. Qd4 Nc6 23. Qe3 Rae8 24. Ndf3 e5 25.
Nh4+ Kf6 26. Rcd1 d4 27. cxd4 exd4 28. Qc1 d3 29. Ngf3 Rxe1+ 30. Rxe1 d2 31. Nxd2 Re8 32.
Rxe8 Bxe8 33. Nxc4 Qd5 34. Nf3 Bh5 35. Qg5+ Ke6 36.
Ne3 Qxa2 37. Qxh5 Qa1+ 38. Kh2 Ne7 39. Ng5+ Kf6 40. Nh7+ Ke6 41. Nf8+ Kd6 42. Nxf5+ Nxf5 43. Qxf5 Qf6 44. Qd7+ Ke5 45. f4+ Ke4 46. Qe6+ Qxe6 47. Nxe6 g6 48. Kh3 a5 49. Kg4 Kd5 50. f5 gxf5+ 51. Kxf5 a4 52. Nc7+ Kc4 53. Ne8 a3 54. Nd6+ Kb4 55. Ne4 a2 56. g4 a1=Q 57. g5 1-0

[Event "*** SCC Grand Prix: Titled Tuesday Blitz"]
[Site "Chess.com"]
[Date "2020.08.04"]
[Round "6"]
[White "Gareth-Bale11"]
[Black "Chesswizard_2007"]
[Result "1-0"]
[WhiteElo "2759"]
[BlackElo "2508"]
[TimeControl "180+1"]
[EndTime "14:51:47 PDT"]
[Termination "Gareth-Bale11 won by resignation"]

1. e4 e5 2. Nf3 Nc6 3. Bc4 Bc5 4.
d3 Nf6 5. c3 O-O 6. Bg5 h6 7. Bh4 Be7 8. O-O d6 9. Nbd2 Be6 10.
Bxe6 fxe6 11. a4 Qd7 12. a5 a6 13. Qb3 g5 14. Bg3 Nh5 15. Nc4 Rab8 16. Rad1 Nf4 17.
d4 g4 18. Nh4 Ne2+ 19. Kh1 Nxg3+ 20. hxg3 Bxh4 21. gxh4 exd4 22. cxd4 Rf7 23. Qg3 Kh8 24. Qxg4 Rg8 25. Qh5 Qe7 26. g3 Nb4 27. Ne3 Rfg7 28. Kh2 Nc6 29. d5 Ne5 30. dxe6 Qxe6 31. Qf5 Qe7 32.
Nd5 Qd8 33. Nf4 Qe8 34. Qe6 Qf8 35. Qxh6+ Rh7 36. Qxf8 Rxf8 37. Kg2 Kg8 38. Ne6 Rf6 39. Ng5 Re7 40. Rfe1 Nc4 41. b4 b5 42. axb6 cxb6 43. Ra1 a5 44. bxa5 bxa5 45. Ra4 d5 46. Rc1 Nb6 47.
Rxa5 dxe4 48. Re1 Nc4 49. Rc5 Nd2 50. Re2 Rd6 51. Rf5 Kg7 52. Rf4 Rd4 53. Re3 Kg6 54.
g4 Rc4 55. Nh3 Rd4 56. h5+ Kg7 57. g5 Nf3 58. Kg3 Rd1 59. Rfxf3 exf3 60. Rxe7+ Kf8 61. Ra7 Rd7 1-0

[Event "*** SCC Grand Prix: Titled Tuesday Blitz"]
[Site "Chess.com"]
[Date "2020.08.04"]
[Round "6"]
[White "guillembaches"]
[Black "GM_LOADING"]
[Result "1/2-1/2"]
[WhiteElo "2429"]
[BlackElo "2615"]
[TimeControl "180+1"]
[EndTime "14:51:47 PDT"]
[Termination "Game drawn by repetition"]

1. e4 Nf6 2. e5 Nd5 3. c4 Nb6 4. d4 d6 5. exd6 cxd6 6. Nc3 g6 7. Bd3 Bg7 8. Nge2 Nc6 9. d5 Nb4 10. O-O Nxd3 11. Qxd3 O-O 12. b3 Bf5 13. Qd2 e6 14.
dxe6 Bxe6 15. Bb2 d5 16. Nxd5 Bxd5 17. cxd5 Qxd5 18. Qxd5 Nxd5 19. Bxg7 Kxg7 20. Rfd1 Rad8 21. Rd4 Rfe8 22. Kf1 Nf6 23. Rad1 Rc8 24. f3 Rc2 25. R4d2 Rec8 26. Kf2 a5 27. Nd4 Rxd2+ 28. Rxd2 Nd5 29. Nf5+ gxf5 30. Rxd5 Rc2+ 31. Kg3 f4+ 32. Kxf4 Rxa2 33. g4 Rxh2 34. Rxa5 Rd2 35. Rg5+ Kf6 36. Rb5 Rd4+ 37. Ke3 Rd7 38. Rb6+ Kg5 39. Rb5+ Kh4 40. Rh5+ Kg3 41. Rxh7 Re7+ 42. Kd4 Kxf3 43. g5 Kf4 44. g6 Re4+ 45.
Kd5 Re5+ 46. Kd4 fxg6 47. Rxb7 Rf5 48. b4 g5 49. b5 g4 50. b6 g3 51. Rg7 Rb5 52. Rg6 Kf3 53. Kc4 Rb1 54. Kc5 g2 55.
Kc6 Rb4 56. b7 Rb1 57. Kc7 Rc1+ 58. Kd8 Rb1 59. Kc7 Rc1+ 60. Kd7 Rd1+ 61. Kc8 Rc1+ 62.
Kd7 Rd1+ 63. Kc7 Rc1+ 1/2-1/2

[Event "*** SCC Grand Prix: Titled Tuesday Blitz"]
[Site "Chess.com"]
[Date "2020.08.04"]
[Round "6"]
[White "Sadykov_Ramil"]
[Black "lacafi"]
[Result "0-1"]
[WhiteElo "2409"]
[BlackElo "2057"]
[TimeControl "180+1"]
[EndTime "14:51:49 PDT"]
[Termination "lacafi won on time"]

1. e4 c6 2. Nc3 d5 3. Nf3 dxe4 4. Nxe4 Nf6 5. Qe2 Nxe4 6. Qxe4 e6 7. d4 Nd7 8. Bd3 Nf6 9. Qh4 h6 10. O-O Bd6 11.
Re1 Nd5 12. Qg4 Qf6 13. Qe4 Nf4 14. Bxf4 Qxf4 15. Qxf4 Bxf4 16. Ne5 O-O 17. g3 Bxe5 18. Rxe5 Rd8 19. c3 b6 20. a4 Bb7 21. Bf1 a5 22. Bg2 Rac8 23. h4 Ba6 24. Ree1 Bc4 25. Bf1 Bb3 26. Ra3 Bc2 27. Rc1 Be4 28. Bg2 Bxg2 29. Kxg2 c5 30. dxc5 Rxc5 31. Rb3 Rd6 32. Rc2 Rcd5 33. Kf3 Kf8 34. Ke2 Ke7 35. c4 Rd4 36.
Rb5 Kf6 37. Ke3 e5 38. Ke2 Kf5 39. f4 Kg4 40. Rxe5 Kxg3 41. Re3+ Kxf4 42. Rec3 Re6+ 43. Kf2 g5 44. Rf3+ Kg4 45. hxg5 hxg5 46. Rxf7 Rc6 47. b3 Rcd6 48. Rf3 Rd2+ 49. Rxd2 Rxd2+ 50. Ke3 Rb2 51. Ke4 Re2+ 52. Re3 Rxe3+ 53. Kxe3 Kh3 54. Kf2 Kh2 55.
b4 g4 56. c5 bxc5 57. b5 g3+ 58. Kf3 g2 59. b6 g1=Q 60. b7 Qg8 61. Ke4 Qb8 62. Kd5 Qxb7+ 63. Kc4 Qb4+ 64. Kd5 Qxa4 0-1

[Event "*** SCC Grand Prix: Titled Tuesday Blitz"]
[Site "Chess.com"]
[Date "2020.08.04"]
[Round "6"]
[White "OparinGrigoriy"]
[Black "KaterynaLagno"]
[Result "1-0"]
[WhiteElo "2948"]
[BlackElo "2725"]
[TimeControl "180+1"]
[EndTime "14:52:00 PDT"]
[Termination "OparinGrigoriy won on time"]

1. Nf3 Nf6 2. g3 g6 3. Bg2 Bg7 4. c4 Nc6 5. O-O O-O 6. d4 d5 7. cxd5 Nxd5 8. Nc3 Nb6 9. e3 Re8 10. h3 a5 11. d5 Ne5 12. Nxe5 Bxe5 13. e4 e6 14. Bh6 exd5 15. exd5 Nc4 16. Qd3 Nd6 17. Qd2 Bd7 18. Rfe1 Qf6 19. Bg5 Qg7 20. Rad1 h5 21. Ne4 Nxe4 22. Rxe4 Bxb2 23. d6 cxd6 24. Rxe8+ Rxe8 25. Qxd6 Ba4 26. Rb1 Bc2 27. Qd7 Bxb1 28. Qxe8+ Kh7 29. a4 Bd4 30. Bxb7 Bxf2+ 31. Kxf2 Qb2+ 32.
Qe2 Qxb7 33. Qb5 Qc8 34. Qxb1 Qxh3 35. Qe4 Qd7 36. Be3 Qd1 37. Qd4 Qc2+ 38. Bd2 Qf5+ 39. Kg1 Qf3 40. Qf4 Qd1+ 41. Kf2 Kg8 42. Qb8+ Kh7 43.
Qf4 Kg8 44. Qd4 Qc2 45. Qd8+ Kh7 46. Qxa5 Qe4 47. Qb4 Qf5+ 48. Qf4 Qc5+ 49. Kg2 Qd5+ 50. Kh2 Qb7 51. a5 Qe7 52. Qe3 Qd7 53. Bc3 Qa4 54. Qd4 Qc2+ 55. Kg1 Qc1+ 56. Kf2 Qc2+ 57. Ke3 Qc1+ 58.
Ke4 Qc2+ 59. Kd5 Qb3+ 60. Kc6 Qe6+ 61. Kc5 Qe7+ 62. Kc4 Qe6+ 63. Qd5 Qe2+ 64. Kb4 Qe3 65. Qe5 1-0

[Event "*** SCC Grand Prix: Titled Tuesday Blitz"]
[Site "Chess.com"]
[Date "2020.08.04"]
[Round "6"]
[White "DryCounty"]
[Black "Ural_bogatyr"]
[Result "1-0"]
[WhiteElo "2598"]
[BlackElo "2361"]
[TimeControl "180+1"]
[EndTime "14:52:01 PDT"]
[Termination "DryCounty won by checkmate"]

1. e4 c6 2. d4 d5 3. Nc3 dxe4 4. Nxe4 Nf6 5. Qd3 Nbd7 6. Nf3 Nxe4 7. Qxe4 Nf6 8. Qh4 Bf5 9. c3 e6 10. Bc4 Be7 11. O-O Bg6 12. Qf4 O-O 13. Ne5 Rc8 14.
Qf3 c5 15. Qxb7 cxd4 16. Nc6 Rxc6 17. Qxc6 dxc3 18. bxc3 Be4 19. Qa6 Qa8 20. f3 Bc5+ 21. Kh1 Bb7 22. Qb5 Bb6 23. Bg5 Nd5 24. Qb2 Rc8 25. Bxd5 Bxd5 26. Rad1 Rc4 27. Qd2 Qc8 28. Be3 Ba5 29. Rc1 a6 30. Bd4 Bc7 31. Qg5 Qf8 32.
Rfe1 f6 33. Qd2 Qd6 34. Bg1 Qc6 35. Qe3 Be5 36. Qf2 Qc7 37. Qa7 Qc6 38. Qb6 Qc8 39. Rcd1 Qa8 40. Qa7 Qc6 41. Qb6 Qa8 42. Qf2 Rxc3 43.
Rc1 Qc6 44. Rxc3 Qxc3 45. Rb1 Kf7 46. Qe3 Qc2 47. Rc1 Qxa2 48. h3 Qb3 49. Qxb3 Bxb3 50.
Rc6 a5 51. Ra6 a4 52. Ra7+ Kg6 53. Bc5 Bb2 54. Bf8 Kf5 55. Kg1 g5 56. Kf1 Bc3 57.
Ra8 Bc4+ 58. Kf2 Bd4+ 59. Ke1 Bb3 60. Kd2 h5 61. Ra5+ Kg6 62. Kd3 Be5 63. Ke3 Bf4+ 64. Kf2 Be5 65. Ra6 Bc3 66. Be7 Be5 67. Bd6 Bd4+ 68.
Ke1 e5 69. Be7 Kf5 70. Rxf6# 1-0

[Event "*** SCC Grand Prix: Titled Tuesday Blitz"]
[Site "Chess.com"]
[Date "2020.08.04"]
[Round "6"]
[White "Chessbard1972"]
[Black "SiddharthGMJagadeesh"]
[Result "1/2-1/2"]
[WhiteElo "2344"]
[BlackElo "2584"]
[TimeControl "180+1"]
[EndTime "14:52:06 PDT"]
[Termination "Game drawn - insufficient material"]

1. e4 d6 2. d4 Nf6 3. Nc3 e5 4. Nf3 exd4 5. Nxd4 Be7 6. Be2 O-O 7. O-O Re8 8. f3 Bf8 9. Bg5 h6 10. Bh4 Nbd7 11.
Bc4 Ne5 12. Bb3 Ng6 13. Bf2 c6 14. Qd2 Qc7 15. Rad1 a6 16. a4 Bd7 17. Rfe1 Rad8 18.
Be3 c5 19. Nf5 Bxf5 20. exf5 Ne5 21. Nd5 Nxd5 22. Bxd5 Be7 23. h3 Bf6 24. f4 Nc6 25. c3 Ne7 26. g4 Nxd5 27. Qxd5 Qd7 28. g5 hxg5 29. fxg5 Be5 30. g6 Qxf5 31. gxf7+ Qxf7 32. Qxf7+ Kxf7 33. Bxc5 Bxc3 34. Rxe8 Kxe8 35. Bb6 Bxb2 36. Bxd8 Kxd8 37. Rxd6+ Kc7 38. Rd2 Bf6 39. Kg2 Kb6 40.
Re2 Ka5 41. Re4 b5 42. axb5 axb5 43. Kf3 b4 44. Ke2 b3 45. Kd3 b2 46. Kc2 Kb5 47. h4 Kc5 48. h5 Kd5 49. Re2 Be5 50. Rg2 Ke4 51. Rg6 Kf5 52. Rg2 Bf6 53. Kb1 Ke6 54. Kc2 Kf7 55. Rg1 Be5 56. Kd3 Kf6 57. Ke4 Bc3 58.
Rg6+ Kf7 59. Rb6 Kg8 60. Kf5 Kh7 61. Kg5 Bf6+ 62. Kg4 Kh6 63. Rb5 Be5 64. Kh4 Bf6+ 65. Kg4 Kh7 66. Rb7 Kg8 67. Rb5 Kf7 68. Kf5 Ke7 69.
Kg6 Bc3 70. h6 gxh6 71. Kxh6 Kd7 72. Rxb2 Bxb2 1/2-1/2

[Event "*** SCC Grand Prix: Titled Tuesday Blitz"]
[Site "Chess.com"]
[Date "2020.08.04"]
[Round "6"]
[White "spacegirl987"]
[Black "The_Machine04"]
[Result "0-1"]
[WhiteElo "1942"]
[BlackElo "2252"]
[TimeControl "180+1"]
[EndTime "14:52:10 PDT"]
[Termination "The_Machine04 won by resignation"]

1. e4 d6 2. d4 Nf6 3. Nc3 e5 4. Bc4 Be7 5. h3 O-O 6. Nf3 Nbd7 7. O-O c6 8. Bg5 b5 9. Bd3 Qc7 10. Qd2 Rd8 11. a3 Nf8 12. dxe5 dxe5 13. Qe2 Ng6 14. Rad1 Be6 15. Be3 a6 16. Nh2 Rd7 17.
f3 Rad8 18. Qf2 c5 19. Be2 Rxd1 20. Rxd1 Rxd1+ 21. Bxd1 h6 22. Qd2 Qd7 23. Qf2 c4 24.
Nf1 Nh5 25. Ng3 Nxg3 26. Qxg3 Bh4 27. Qh2 a5 28. g3 Be7 29. h4 b4 30. axb4 axb4 31. Nd5 Bxd5 32. exd5 Qxd5 33. Qd2 Qxd2 34. Bxd2 Bc5+ 35. Kg2 Kf8 36. Be2 e4 37. fxe4 Ne5 38.
Bf4 Bd4 39. Bxe5 Bxe5 40. Bxc4 Bxb2 41. Bb3 f6 42. Kf3 Ke7 43. Kf4 Be5+ 44. Kf5 Bxg3 45. Kg6 Bxh4 46. Kxg7 Bg5 47. Kg6 Kd6 48. Bc4 Ke5 49.
Bd3 Kd4 50. Be2 Kxe4 51. Bc4 Kf4 52. Bd3 Kg4 53. Be2+ Kg3 54. Bd3 Kf4 55. Bf5 h5 56. Bd3 h4 57. Bf1 Kg3 58. Kf5 h3 59. Bc4 h2 60. Bd5 Kf2 61. Kg4 Kg1 62. Kg3 h1=Q 63.
Bxh1 Kxh1 64. Kg4 Kg1 65. Kf5 Kf2 66. Ke4 Ke2 67. Kd4 Kd2 68. Kc4 Kxc2 69. Kxb4 f5 70.
Kc4 Kd2 71. Kd4 f4 72. Ke4 Ke2 73. Kf5 f3 74. Kxg5 f2 75. Kg4 f1=Q 76. Kg5 Qf3 77.
Kg6 Ke3 78. Kg7 Qf4 79. Kg8 Ke4 80. Kh8 0-1

[Event "*** SCC Grand Prix: Titled Tuesday Blitz"]
[Site "Chess.com"]
[Date "2020.08.04"]
[Round "6"]
[White "MarcoRiehle"]
[Black "vladislavkovalev"]
[Result "0-1"]
[WhiteElo "2739"]
[BlackElo "2890"]
[TimeControl "180+1"]
[EndTime "14:52:12 PDT"]
[Termination "vladislavkovalev won by resignation"]

1. e4 e5 2. Nf3 Nc6 3. d4 exd4 4. Bc4 Bc5 5. c3 d3 6. b4 Bb6 7. Qb3 Qe7 8. O-O d6 9. a4 a6 10. a5 Ba7 11. b5 axb5 12. a6 bxc4 13. axb7 Bxb7 14.
Qxb7 Bxf2+ 15. Kxf2 Rxa1 16. Qxc6+ Qd7 17. Qb7 Nf6 18.
e5 Ng4+ 19. Kg1 O-O 20. exd6 Qxd6 21. Nbd2 Qe6 22. Ne4 Qb6+ 23. Qxb6 cxb6 24. h3 Nf6 25. Nxf6+ gxf6 26. Be3 Rxf1+ 27. Kxf1 b5 28. Nd4 Rb8 29.
Bd2 Kg7 30. Nf5+ Kf8 31. Bf4 Ra8 32. Bh6+ Kg8 33. Nd4 Ra1+ 34. Kf2 Rb1 35. g4 Rb2+ 36. Kf3 b4 37. cxb4 c3 38. b5 d2 39. Ke2 Rb4 40. Be3 Rb1 41. Bxd2 cxd2 42. Kxd2 Kg7 43. Kc2 Ra1 44. Kb2 Ra8 45. Nf5+ Kg6 46. h4 h5 47. Ne7+ Kh7 48. gxh5 Rb8 49. Kc3 Rxb5 50. Kd4 Rxh5 51. Nd5 Rxh4+ 52. Ke3 Kg6 53. Ne7+ Kg5 54. Kf3 f5 55. Nc6 Rh3+ 56. Kg2 Ra3 57. Nd4 Kg4 58. Nb5 Ra2+ 59. Kf1 f4 60. Nc3 Rc2 61. Nd5 Kf3 62.
Ke1 Rc1+ 63. Kd2 Rh1 64. Nf6 Kg2 65. Ng4 Kg3 66. Nf6 f3 67. Ke3 Re1+ 68. Kd2 f2 69. Nh5+ Kf3 0-1